 Dungeon Crawl Stone Soup version 0.21-a0-522-ga8338f0 (webtiles) character file.

326 Kingsmith the Conjurer (level 6, -1/44 HPs)
             Began as a Gnoll Conjurer on Dec 6, 2017.
             Slain by a bullfrog (5 damage)
             ... in a sewer.
             The game lasted 00:11:04 (3380 turns).

Kingsmith the Conjurer (Gnoll Conjurer)             Turns: 3380, Time: 00:11:05

Health: -1/44      AC:  2    Str: 10    XL:     6   Next: 49%
Magic:  13/14      EV: 15    Int: 20    God:
Gold:   95         SH:  0    Dex: 15    Spells: 1/15 levels left

rFire    . . .     SeeInvis .   n - +2 dagger (elec)
rCold    . . .     Gourm    .   (no shield)
rNeg     . . .     Faith    .   a - +0 robe
rPois    .         Spirit   .   (no helmet)
rElec    .         Reflect  .   (no cloak)
rCorr    .         Harm     .   (no gloves)
MR       .....                  (no boots)
Stlth    +++.......             (no amulet)
HPRegen  0.14/turn              (no ring)
MPRegen  0.14/turn              (no ring)

@: no status effects
A: distributed training, fangs 1, strong nose
a: no special abilities


You were in a sewer.
You were not hungry.

You visited 1 branch of the dungeon, and saw 4 of its levels.
You also visited: Sewer.

You collected 95 gold pieces.

Inventory:

Hand Weapons
 n - a +2 dagger of electrocution (weapon)
Armour
 a - a +0 robe (worn)
Jewellery
 g - an uncursed amulet of harm {unknown}
Wands
 j - a wand of enslavement (22)
Scrolls
 d - a scroll of identify {unknown}
 e - 2 scrolls of fear {unknown}
 f - a scroll of magic mapping {unknown}
 o - a scroll of fog {unknown}
 q - a scroll of noise {unknown}
 s - a scroll of enchant weapon {unknown}
Potions
 i - 2 potions of might {unknown}
 k - a potion of degeneration {unknown}
 l - a potion of mutation {unknown}
 p - a potion of heal wounds {unknown}
Books
 b - a book of Conjurations

   Spells                             Type                      Level
   a - Magic Dart                     Conjuration                  1
   b - Searing Ray                    Conjuration                  2
   c - Dazzling Spray                 Conjuration/Hexes            3
   d - Fulminant Prism                Conjuration/Hexes            4
   e - Force Lance                    Conjuration/Translocation    4
   f - Iskenderun's Mystic Blast      Conjuration                  4
Comestibles
 c - 3 bread rations
 h - 3 meat rations
 m - a royal jelly
 r - 4 chunks of flesh


   Skills:
 + Level 2.0 Fighting
 + Level 2.0 Short Blades
 + Level 2.0 Long Blades
 + Level 2.0 Axes
 + Level 2.0 Maces & Flails
 + Level 2.0 Polearms
 + Level 2.0 Staves
 + Level 2.0 Slings
 + Level 2.0 Bows
 + Level 2.0 Crossbows
 + Level 2.0 Throwing
 + Level 2.0 Armour
 + Level 5.0 Dodging
 + Level 4.6 Stealth
 + Level 2.0 Shields
 + Level 2.0 Unarmed Combat
 + Level 5.3 Spellcasting
 + Level 7.3 Conjurations
 + Level 1.5 Hexes
 + Level 1.5 Charms
 + Level 1.5 Summonings
 + Level 1.5 Necromancy
 + Level 1.5 Translocations
 + Level 1.5 Transmutations
 + Level 1.5 Fire Magic
 + Level 1.5 Ice Magic
 + Level 1.5 Air Magic
 + Level 1.5 Earth Magic
 + Level 1.5 Poison Magic
 + Level 2.1 Invocations
 + Level 2.0 Evocations


You had one spell level left.
You knew the following spells:

 Your Spells              Type           Power        Failure   Level  Hunger
a - Magic Dart            Conj           ####         1%          1    None
b - Searing Ray           Conj           ####..       1%          2    None
c - Dazzling Spray        Conj/Hex       ###...       5%          3    ##.....
d - Iskenderun's Mystic   Conj           ####....     5%          4    ####...
e - Force Lance           Conj/Tloc      ###.....     19%         4    ####...


Dungeon Overview and Level Annotations

Branches:
Dungeon (4/15)
 Temple: D:4-7

Altars:
Trog

Annotations:
D:1 exclusion: door


Innate Abilities, Weirdness & Mutations

Your experience applies equally to all skills.
You have very sharp teeth.
Your uncanny sense of smell can sniff out nearby items.


Message History

Your Maces & Flails skill increases to level 2!
Your Polearms skill increases to level 2!
Your Staves skill increases to level 2!
Your Slings skill increases to level 2!
Your Bows skill increases to level 2!
Your Crossbows skill increases to level 2!
Your Throwing skill increases to level 2!
Your Armour skill increases to level 2!
Your Dodging skill increases to level 5!
Your Shields skill increases to level 2!
Your Unarmed Combat skill increases to level 2!
Your Evocations skill increases to level 2!
The bullfrog hits you.
* * * LOW HITPOINT WARNING * * *
The giant cockroach misses you. The bullfrog closely misses you.
You hit the bullfrog.
The bullfrog is lightly wounded.
The giant cockroach bites you.
* * * LOW HITPOINT WARNING * * *
The bullfrog hits you.
You die...

#.≈≈≈≈≈≈.≈.≈.≈≈≈≈≈# #.#
#.≈≈≈≈≈≈≈≈....≈≈≈# #.#
#.≈≈≈≈≈≈≈.≈≈≈.∩≈≈# #≈#
#.≈≈≈≈≈≈≈≈≈≈≈≈≈≈≈# #≈#
#.≈≈≈≈≈≈≈≈≈≈≈≈≈≈# #≈#
#.≈≈≈†≈≈≈≈≈≈≈≈≈≈# #.#
#.≈≈≈.≈≈≈≈≈≈≈≈≈## #≈#
#.≈≈≈.≈≈s≈≈≈≈≈########≈#
#.≈≈≈≈.@≈≈≈≈≈≈≈≈≈≈.≈≈≈≈#
#.≈≈≈≈≈≈F≈≈≈≈≈≈≈≈≈≈≈≈≈≈#
#.≈≈≈≈≈≈≈≈≈≈≈≈≈≈≈≈≈≈≈≈.#
#..≈≈≈≈≈≈≈≈≈≈≈≈≈≈≈≈≈≈≈.#
##......≈≈.≈≈.≈........#
#######################


You could see a bullfrog and a giant cockroach.

Vanquished Creatures
  A bullfrog (Sewer)
  A hound (D:4)
  An orc priest (D:3)
  An iguana (D:4)
  5 adders
  2 gnolls (D:4)
  An adder skeleton (D:4)
  3 dart slugs
  A worm (D:2)
  11 leopard geckos
  3 orcs (D:3)
  14 giant cockroaches
  6 goblins
  6 hobgoblins
  4 jackals (D:1)
  7 kobolds
  5 ball pythons
  5 bats
  4 frilled lizards
  6 rats
87 creatures vanquished.

Notes
Turn   | Place    | Note
-------+----------+-------------------------------------------
     0 | D:1      | Kingsmith the Gnoll Conjurer began the quest for the Orb.
     0 | D:1      | Reached XP level 1. HP: 13/13 MP: 6/6
   412 | D:1      | Reached XP level 2. HP: 19/19 MP: 5/7
   903 | D:2      | Reached XP level 3. HP: 25/25 MP: 2/9
   933 | D:2      | Reached skill level 5 in Spellcasting
   937 | D:2      | Learned a level 2 spell: Searing Ray
  1035 | D:2      | Reached skill level 1 in Invocations
  1321 | D:2      | Reached skill level 1 in Fighting
  1321 | D:2      | Reached skill level 1 in Short Blades
  1321 | D:2      | Reached skill level 1 in Long Blades
  1321 | D:2      | Reached skill level 1 in Axes
  1321 | D:2      | Reached skill level 1 in Maces & Flails
  1321 | D:2      | Reached skill level 1 in Polearms
  1321 | D:2      | Reached skill level 1 in Staves
  1321 | D:2      | Reached skill level 1 in Slings
  1321 | D:2      | Reached skill level 1 in Bows
  1321 | D:2      | Reached skill level 1 in Crossbows
  1321 | D:2      | Reached skill level 1 in Throwing
  1321 | D:2      | Reached skill level 1 in Armour
  1321 | D:2      | Reached skill level 1 in Shields
  1321 | D:2      | Reached skill level 1 in Unarmed Combat
  1321 | D:2      | Reached skill level 1 in Evocations
  1447 | D:2      | Reached XP level 4. HP: 32/32 MP: 11/11
  1457 | D:2      | Found a faded altar of an unknown god.
  1829 | D:3      | Reached skill level 1 in Hexes
  1829 | D:3      | Reached skill level 1 in Charms
  1829 | D:3      | Reached skill level 1 in Summonings
  1829 | D:3      | Reached skill level 1 in Necromancy
  1829 | D:3      | Reached skill level 1 in Translocations
  1829 | D:3      | Reached skill level 1 in Transmutations
  1829 | D:3      | Reached skill level 1 in Fire Magic
  1829 | D:3      | Reached skill level 1 in Ice Magic
  1829 | D:3      | Reached skill level 1 in Air Magic
  1829 | D:3      | Reached skill level 1 in Earth Magic
  1829 | D:3      | Reached skill level 1 in Poison Magic
  2271 | D:3      | Found a bloodstained altar of Trog.
  2698 | D:4      | Reached XP level 5. HP: 33/37 MP: 9/12
  2771 | D:4      | Learned a level 3 spell: Dazzling Spray
  2776 | D:4      | Learned a level 4 spell: Iskenderun's Mystic Blast
  2781 | D:4      | Learned a level 4 spell: Force Lance
  2971 | D:4      | Found a glowing drain.
  2978 | Sewer    | Entered a sewer
  3005 | Sewer    | Reached XP level 6. HP: 32/44 MP: 3/13
  3379 | Sewer    | Reached skill level 5 in Dodging
  3380 | Sewer    | Slain by a bullfrog

Vault maps used:
D:1:      mushboom_english_gardens
D:2:      chequers_ecumenical_altar_lobes, minmay_misc_feat_rows,
          grunt_ministairs_15
D:3:      trog_butcher_becter
D:4:      nicolae_overflow_crystal_walls, nicolae_ossuary_entry_catacombs,
          gup_sewer_entry_pipe, grunt_dithmenos_shadows, uniq_duvessa,
          uniq_robin, uniq_sigmund
Sewer:    sewer_frog_island_01

Skill      XL: |  1  2  3  4  5  6 |
---------------+-------------------+-----
Spellcasting   | 5 |  5.3
Invocations    | 1 2 |  2.1
Fighting       | 1 2 |  2.0
Short Blades   | 1 2 |  2.0
Long Blades    | 1 2 |  2.0
Axes           | 1 2 |  2.0
Maces & Flails | 1 2 |  2.0
Polearms       | 1 2 |  2.0
Staves         | 1 2 |  2.0
Slings         | 1 2 |  2.0
Bows           | 1 2 |  2.0
Crossbows      | 1 2 |  2.0
Throwing       | 1 2 |  2.0
Armour         | 1 2 |  2.0
Shields        | 1 2 |  2.0
Unarmed Combat | 1 2 |  2.0
Evocations     | 1 2 |  2.0
Hexes          | 1 |  1.5
Charms         | 1 |  1.5
Summonings     | 1 |  1.5
Necromancy     | 1 |  1.5
Translocations | 1 |  1.5
Transmutations | 1 |  1.5
Fire Magic     | 1 |  1.5
Ice Magic      | 1 |  1.5
Air Magic      | 1 |  1.5
Earth Magic    | 1 |  1.5
Poison Magic   | 1 |  1.5
Dodging        | 5 |  5.0
Stealth        | |  4.6
Conjurations   | |  7.3

Action                   |  1- 3 |  4- 6 || total
-------------------------+-------+-------++-------
Melee: Unarmed           |    11 |       ||    11
       Short sword       |    44 |    12 ||    56
       Bite              |     7 |     4 ||    11
       Dagger            |       |    85 ||    85
 Cast: Magic Dart        |    62 |     9 ||    71
       Searing Ray       |       |     6 ||     6
 Stab: Sleeping          |     1 |    11 ||    12
       Distracted        |     1 |       ||     1
       Held in net/web   |       |     1 ||     1
  Eat: Chunk             |     2 |     6 ||     8
Armor: Robe              |     7 |    20 ||    27
Dodge: Dodged            |    62 |   125 ||   187

Table legend:
 A = Spawn XP
 B = Non-spawn XP
 C = Spawn XP percentage of total XP
 D = Spawn monster count
 E = Non-spawn monster count
 F = Spawn count percentage of total count
 G = Total turns spent on level
                    A         B        C        D         E        F      G
               +---------+---------+-------+---------+---------+-------+---------
         Total |       0 |     466 |   0.0 |       0 |      87 |   0.0 |  3380
               +---------+---------+-------+---------+---------+-------+---------
           D:1 |       0 |      29 |   0.0 |       0 |      15 |   0.0 |   898
           D:2 |       0 |      57 |   0.0 |       0 |      23 |   0.0 |   682
           D:3 |       0 |      74 |   0.0 |       0 |      19 |   0.0 |  1112
           D:4 |       0 |     140 |   0.0 |       0 |      11 |   0.0 |   286
         Sewer |       0 |     166 |   0.0 |       0 |      19 |   0.0 |   402
               +---------+---------+-------+---------+---------+-------+---------
